 Dungeon Crawl Stone Soup version 0.29.1-1-gd02db6906a (webtiles) character file.

Game seed: 8585109104017668591

45503 xian the Severer (level 14, -2/88 HPs)
             Began as a Tengu Berserker on Oct 15, 2022.
             Was a High Priest of Trog.
             Slain by a death yak (14 damage)
             ... on level 5 of the Lair of Beasts.
             The game lasted 00:41:45 (16713 turns).

xian the Severer (Tengu Berserker)                 Turns: 16713, Time: 00:41:46

Health: -2/88      AC: 20    Str: 21    XL:     14   Next: 33%
Magic:  15/15      EV:  9    Int: 10    God:    Trog [*****.]
Gold:   967        SH: 15    Dex: 13    Spells: 13/13 levels left

rFire   . . .      SeeInvis +   i - +3 hand axe (elec)
rCold   . . .      Faith    .   u - +3 warlock's mirror {reflect}
rNeg    . . .      Spirit   .   v - +0 plate armour
rPois   .          Reflect  +   (helmet restricted)
rElec   .          Harm     .   W - +0 cloak
rCorr   .          Rampage  .   k - +2 pair of gloves
Will    +....                   (boots unavailable)
Stlth   ..........              B - amulet of reflection
HPRegen 0.24/turn               Q - +4 ring of slaying
MPRegen 0.14/turn               K - ring of see invisible

@: about to teleport, on berserk cooldown, flying quickly and evasively, slowed,
very slow
A: beak, talons 3, nimble flight
a: Renounce Religion, Berserk, Trog's Hand, Brothers in Arms


You were on level 5 of the Lair of Beasts.
You worshipped Trog.
Trog was extremely pleased with you.
You visited 3 branches of the dungeon, and saw 17 of its levels.

You collected 1282 gold pieces.
You spent 315 gold pieces at shops.

Inventory:

Hand Weapons
 a - the +9 shortbow of Hard Scrabble {venom, rF- rC+ Str+3}
   (You found it on level 4 of the Lair of Beasts)

   Any ammunition fired from it poisons the flesh of those it strikes.
   Str:       It affects your strength (+3).
   rF:        It makes you vulnerable to fire.
   rC:        It protects you from cold.
 i - a +3 hand axe of electrocution (weapon)
Missiles
 c - 15 boomerangs
 n - 6 atropa-tipped darts
 o - 14 poisoned darts (quivered)
Armour
 k - a +2 pair of gloves (worn)
 u - the +3 warlock's mirror (worn) {reflect}
   (You acquired it on level 5 of the Dungeon)

   It can block and reflect piercing ranged attacks and magical attacks against
   the wielder's willpower.
 v - a +0 plate armour (worn)
 V - an orb of wrath
 W - a +0 cloak (worn)
Magical Staves
 P - a staff of conjuration
Jewellery
 B - an amulet of reflection (around neck)
 K - a ring of see invisible (right hand)
 Q - a +4 ring of slaying (left hand)
 S - a ring of fire
Wands
 p - a wand of light (21)
 C - a wand of charming (15)
 F - a wand of flame (11)
 H - a wand of mindburst (13)
 M - a wand of iceblast (3)
Scrolls
 b - 7 scrolls of teleportation
 d - a scroll of immolation
 g - 6 scrolls of magic mapping {unknown}
 l - 2 scrolls of brand weapon
 m - 7 scrolls of poison
 s - 6 scrolls of blinking {unknown}
 t - 6 scrolls of enchant weapon {unknown}
 w - 2 scrolls of summoning
 y - 4 scrolls of butterflies {unknown}
 A - 2 scrolls of enchant armour
 I - 3 scrolls of amnesia {unknown}
 L - 2 scrolls of silence {unknown}
 O - a scroll of noise {unknown}
Potions
 f - 4 potions of flight {unknown}
 h - 4 potions of mutation
 q - a potion of lignification
 z - 7 potions of curing
 D - a potion of cancellation
 E - a potion of ambrosia
 G - a potion of invisibility
 N - 2 potions of might
 R - 2 potions of magic
 T - a potion of haste
Miscellaneous
 Y - a box of beasts


   Skills:
 + Level 10.7 Fighting
 + Level 15.0 Axes
 + Level 7.4 Throwing
 + Level 12.4 Armour
 + Level 4.1 Dodging
 + Level 3.2 Stealth
 + Level 11.4 Shields
 + Level 0.1 Evocations


You had 13 spell levels left.
You didn't know any spells.
Your spell library contained the following spells:

 Spells                   Type           Power      Damage    Failure   Level
 Apportation              Tloc           0%         N/A       99%         1
 Necrotise                Necr           0%         1d4       99%         1
 Sting                    Tmut/Pois      0%         1d3       99%         1
 Summon Small Mammal      Summ           0%         N/A       99%         1
 Poisonous Vapours        Pois/Air       0%         N/A       100%        2
 Sublimation of Blood     Necr           0%         N/A       100%        2
 Frozen Ramparts          Ice            0%         1d1       100%        3
 Ice Form                 Ice/Tmut       0%         N/A       100%        4
 Olgreb's Toxic Radiance  Pois           0%         N/A       100%        4
 Petrify                  Tmut/Erth      0%         N/A       100%        4
 Summon Ice Beast         Ice/Summ       0%         N/A       100%        4
 Blade Hands              Tmut           0%         N/A       100%        5
 Irradiate                Conj/Tmut      0%         3d11      100%        5
 Iskenderun's Battlesphe  Conj           0%         2d6       100%        5
 Iron Shot                Conj/Erth      0%         9d1       100%        6
 Dragon Form              Tmut           0%         N/A       100%        7
 Spellforged Servitor     Conj/Summ      0%         N/A       100%        7


Dungeon Overview and Level Annotations

Branches:
Dungeon (11/15)            Temple (1/1) D:4            Lair (5/5) D:11
 Shoals (0/4) Lair:3        Snake (0/4) Lair:3        Slime (0/5) Lair:4
    Orc (0/2) D:11

Altars:
Cheibriados
Dithmenos
Elyvilon
Fedhas
Kikubaaqudgha
Makhleb
Nemelex Xobeh
Qazlal
Sif Muna
Trog
Uskayaw
Vehumet
Wu Jian
Xom
Lugonu

Shops:
D:1 [   D:11 *

Portals:
Abyss: D:7
Trove: D:11 (give 6 scrolls of butterflies)


Innate Abilities, Weirdness & Mutations

You have a beak for a mouth.
You have claws for feet.
Your magical nature lets you fly swiftly and evasively.


Message History

The death yak is moderately wounded.
You hit the death yak.
The death yak gores you but does no damage. x2
Your limbs are stiffening.
You hit the death yak. You claw the death yak!
The death yak is heavily wounded.
You slash the death yak! You slash the death yak! You claw the death yak!
The death yak is severely wounded.
You slash the death yak! You block the death yak's attack.
The death yak gores you but does no damage.
You have turned to stone.
The death yak gores you!
The death yak gores you but does no damage.
The death yak gores you!
The death yak gores you but does no damage.
You are no longer berserk.
You feel yourself slow down. The death yak gores you!
The death yak gores you but does no damage.
The death yak gores you but does no damage. x2
The death yak gores you!
The death yak gores you but does no damage.
The death yak gores you! x2
The death yak gores you but does no damage.
The death yak barely misses you. The death yak gores you!!
* * * LOW HITPOINT WARNING * * *
The death yak gores you but does no damage.
The death yak gores you.
* * * LOW HITPOINT WARNING * * *
The death yak gores you but does no damage.
The death yak gores you.
* * * LOW HITPOINT WARNING * * *
The death yak gores you!
* * * LOW HITPOINT WARNING * * *
You turn to flesh and can move again.
Okay, then.
As you read the scroll of teleportation, it crumbles to dust.
You feel strangely unstable. The death yak gores you!
You die...

## ..# ...# ####
..##..### ....P..
..###.P..#
....÷...P#
.....÷YY#
...Y..#@#
##...##.#
....##..# ..Y
#...# .8 ##...# .
#....# ###...##
#####.....#
#######........##


You could see 2 death yaks.

Vanquished Creatures
  2 boulder beetles
  A centaur warrior (D:10)
  6 hydras
  A catoblepas (Lair:5)
  A two-headed ogre (D:10)
  2 death yaks (Lair:5)
  A deep elf pyromancer (D:10)
  A manticore (D:11)
  2 black mambas
  Maggie (Lair:1)
  14 elephants
  9 cane toads
  2 torpor snails
  An unseen horror (D:11)
  13 komodo dragons
  3 rime drakes
  2 polar bears (Lair:5)
  A hornet (D:8)
  21 blink frogs
  A snapping turtle (Lair:3)
  2 shadows
  2 wraiths
  35 yaks
  4 wyverns
  2 steam dragons
  2 basilisks
  An acid dragon (D:8)
  7 water moccasins
  A sky beast (D:6)
  4 black bears
  5 orc warriors
  3 ice beasts
  44 wolves
  2 ogres
  2 centaurs
  A phantom (D:11)
  2 kobold brigands
  11 bullfrogs
  2 necrophages (D:7)
  3 scorpions
  Blork the orc (D:5)
  4 wights (D:7)
  A troll zombie (D:11)
  16 killer bees
  A howler monkey (D:5)
  A crimson imp (D:4)
  2 hounds
  3 jellies (Lair:4)
  4 orc priests
  2 gnoll boudas
  2 iguanas (D:5)
  10 orc wizards
  6 ogre zombies (D:11)
  14 gnolls
  8 adders
  A shadow imp (D:8)
  4 white imps
  2 ufetubi
  2 worms
  13 dart slugs
  28 orcs
  10 endoplasms
  5 giant cockroaches
  7 goblins
  11 hobgoblins
  13 jackals
  5 quokkas
  6 ball pythons
  5 bats
  6 frilled lizards
  3 goblin zombies (D:11)
  3 hobgoblin zombies (D:11)
  13 kobolds
  2 orc skeletons (D:11)
  13 orc zombies (D:11)
  10 rats
457 creatures vanquished.

Vanquished Creatures (collateral kills)
  2 death yaks (Lair:5)
  2 polar bears (Lair:5)
  A shadow (D:11)
  8 yaks (Lair:5)
  A wyvern (Lair:5)
  A wolf (Lair:5)
  An ogre zombie (D:11)
  2 hobgoblin zombies (D:11)
  An orc zombie (D:11)
19 creatures vanquished.

Vanquished Creatures (others)
  31 fungi
  57 plants
88 creatures vanquished.

Grand Total: 564 creatures vanquished

Notes
Turn   | Place    | Note
-------+----------+-------------------------------------------
     0 | D:1      | xian the Tengu Berserker began the quest for the Orb.
     0 | D:1      | Reached XP level 1. HP: 14/14 MP: 2/2
   125 | D:1      | Reached XP level 2. HP: 19/19 MP: 3/3
   609 | D:1      | Found a faded altar of an unknown god.
   717 | D:1      | Reached XP level 3. HP: 16/23 MP: 4/4
   746 | D:1      | Reached ** piety under Trog
   963 | D:1      | Found Mapreomn's Armour Boutique.
  1437 | D:2      | Reached skill level 4 in Axes
  1485 | D:2      | Reached XP level 4. HP: 29/29 MP: 5/5
  1895 | D:2      | Gained mutation: Your magical nature lets you fly swiftly
                  | and evasively. [Tengu growth]
  1895 | D:2      | Reached XP level 5. HP: 34/34 MP: 6/6
  2259 | D:3      | Reached *** piety under Trog
  2260 | D:3      | Reached skill level 5 in Axes
  2458 | D:3      | Identified the +10 spear of Xom's Whim {pain, Int+2}
  2838 | D:3      | Reached XP level 6. HP: 39/39 MP: 7/7
  3228 | D:4      | Reached skill level 1 in Throwing
  3271 | D:4      | Found a blossoming altar of Fedhas.
  3299 | D:4      | Found a staircase to the Ecumenical Temple.
  3308 | D:4      | Noticed an ice beast
  3321 | D:4      | Killed an ice beast
  3322 | D:4      | Reached skill level 6 in Axes
  3322 | D:4      | Reached XP level 7. HP: 28/44 MP: 8/8
  3327 | Temple   | Entered the Ecumenical Temple
  3800 | D:5      | Entered Level 5 of the Dungeon
  3810 | D:5      | Reached **** piety under Trog
  4006 | D:5      | Reached skill level 5 in Fighting
  4060 | D:5      | Reached skill level 7 in Axes
  4088 | D:5      | Found a sparkling altar of Nemelex Xobeh.
  4122 | D:5      | Noticed Blork the orc
  4129 | D:5      | Killed Blork the orc
  4181 | D:5      | Identified a scroll of acquirement
  4182 | D:5      | Acquired the +3 warlock's mirror {reflect}
  4182 | D:5      | Found the +3 warlock's mirror {reflect}
  4255 | D:5      | Reached XP level 8. HP: 49/49 MP: 9/9
  4636 | D:6      | Reached skill level 1 in Shields
  4706 | D:6      | Reached skill level 5 in Armour
  4775 | D:6      | Identified the +0 leather armour of Joinerre {rN+}
  4789 | D:6      | Reached skill level 8 in Axes
  4819 | D:6      | Found an ornate altar of the Wu Jian Council.
  5054 | D:6      | You are sucked into a shaft and drop 1 floor!
  5137 | D:7      | Found a one-way gate to the infinite horrors of the Abyss.
  5270 | D:7      | Reached skill level 9 in Axes
  5417 | D:7      | Reached XP level 9. HP: 48/54 MP: 10/10
  6129 | D:7      | Found a large runed translucent door.
  6129 | D:7      | Found a large runed translucent door.
  6134 | D:7      | Found a corrupted altar of Lugonu.
  6293 | D:8      | Reached skill level 10 in Axes
  6366 | D:8      | Noticed a hornet
  6404 | D:8      | Killed a hornet
  6425 | D:8      | Found a hide-covered altar of Uskayaw.
  6449 | D:8      | Reached XP level 10. HP: 49/60 MP: 11/11
  6451 | D:8      | Found a shimmering altar of Xom.
  6651 | D:8      | Reached skill level 5 in Shields
  7170 | D:9      | Found a radiant altar of Vehumet.
  7175 | D:9      | Found a shadowy altar of Dithmenos.
  7796 | D:10     | Entered Level 10 of the Dungeon
  8141 | D:10     | Noticed a boulder beetle
  8150 | D:10     | Killed a boulder beetle
  8151 | D:10     | Reached skill level 11 in Axes
  8403 | D:10     | Noticed a two-headed ogre
  8414 | D:10     | Killed a two-headed ogre
  8473 | D:10     | Noticed a deep elf pyromancer
  8480 | D:10     | Killed a deep elf pyromancer
  8485 | D:10     | Noticed a centaur warrior
  8494 | D:10     | Killed a centaur warrior
  8495 | D:10     | Reached XP level 11. HP: 20/66 MP: 12/12
  8840 | D:11     | Found Gaunni Goom's General Store.
  8844 | D:11     | Noticed a manticore
  8861 | D:11     | Killed a manticore
  9072 | D:11     | Found a portal to a secret trove of treasure.
  9107 | D:11     | Bought 3 scrolls of enchant armour for 315 gold pieces
  9454 | D:11     | Found a staircase to the Orcish Mines.
  9483 | D:11     | Reached ***** piety under Trog
  9763 | D:11     | Found a staircase to the Lair.
 10006 | Lair:1   | Entered Level 1 of the Lair of Beasts
 10018 | Lair:1   | Reached skill level 12 in Axes
 10588 | Lair:1   | Noticed Maggie
 10589 | Lair:1   | Reached skill level 5 in Throwing
 10605 | Lair:1   | Killed Maggie
 10608 | Lair:1   | Reached XP level 12. HP: 74/74 MP: 13/13
 10633 | Lair:1   | Reached skill level 13 in Axes
 10853 | Lair:1   | Reached skill level 10 in Armour
 11649 | Lair:2   | Received a gift from Trog
 11992 | Lair:3   | Noticed a boulder beetle
 12004 | Lair:3   | Killed a boulder beetle
 12321 | Lair:3   | Reached skill level 1 in Stealth
 12324 | Lair:3   | Reached skill level 14 in Axes
 12437 | Lair:3   | Noticed a six-headed hydra
 12453 | Lair:3   | Killed a 13-headed hydra
 12710 | Lair:3   | Found a staircase to the Snake Pit.
 12765 | Lair:3   | Found a runed translucent door.
 12772 | Lair:3   | Noticed a seven-headed hydra
 12778 | Lair:3   | Killed a ten-headed hydra
 12779 | Lair:3   | Reached XP level 13. HP: 80/80 MP: 14/14
 13261 | Lair:3   | Found a staircase to the Shoals.
 13887 | Lair:4   | Reached skill level 10 in Shields
 13987 | Lair:4   | Identified the +9 shortbow of Hard Scrabble {venom, rF- rC+
                  | Str+3}
 14131 | Lair:4   | Found a staircase to the Slime Pits.
 14529 | Lair:4   | Identified the +3 scale mail "Omemi" {rC- Int+2 Dex+5}
 14800 | Lair:4   | Reached skill level 10 in Fighting
 15230 | Lair:5   | Entered Level 5 of the Lair of Beasts
 15318 | Lair:5   | Identified the +3 ring mail of Egalitarianism {Int+4}
 15497 | Lair:5   | Reached XP level 14. HP: 77/88 MP: 15/15
 15572 | Lair:5   | Received a gift from Trog
 16224 | Lair:5   | Reached skill level 15 in Axes
 16713 | Lair:5   | Slain by a death yak

Illustrated notes

Levels and vault maps discovered:
D:1:      dpeg_arrival_rooms_with_view, layout_basic,
          shapermc_ecumenical_altar_acropolis, serial_shops, shop,
          minmay_pentomino_v4
D:2:      minmay_recursive_quarters, layout_loops_ring,
          kennysheep_generic_room_15
D:3:      minmay_diamond_boxcup, layout_rooms
D:4:      layout_basic, fedhas_ov_isle_minmay, minmay_temple_entry_stoned_glass,
          corexii_corridor_pit, corexii_checkpoint_a, minmay_fire_ice_demons
D:5:      kennysheep_slugbush, layout_basic, nemelex_spade_bored_becter,
          saegor_snake_ambush, uniq_blork_the_orc
D:6:      layout_basic, lemuel_doored_altar, mainiacjoe_overflow_small_starburst
D:7:      due_chaos_kobolds, layout_basic, minmay_microvault
D:8:      layout_basic, mainiacjoe_overflow_large_starburst
D:9:      layout_irregular_city, grunt_dithmenos_smoke,
          mainiacjoe_overflow_alcove_4
D:10:     layout_cave_pools, columned_hall_lemuel,
          hangedman_decor_clover_reticule, minivault_10, st_stairs_12,
          minmay_three_doors
D:11:     layout_loops_ring, david_lair_shrubbed, zombieorc2_lemuel,
          enter_trove_1, serial_shops, nicolae_shop_waterfront
Temple:   nicolae_temple_great_sept
Lair:1:   layout_roguey, grunt_forest_large_clearings, lemuel_fruit_tree,
          infiniplex_staircase_pool, uniq_maggie
Lair:2:   layout_misc_corridors, grunt_megastairs_3
Lair:3:   layout_cave_pods, minmay_shoals_entry_hut, dummy_snake_entry,
          pf_torpor_hydra
Lair:4:   layout_regular_city, nicolae_slime_entry_slimehenge
Lair:5:   grunt_lair_end_beastmaster, layout_loops_ring, minivault_27,
          grunt_megastairs_2

Skill      XL: |  1  2  3  4  5  6  7  8  9 10 11 12 13 14 |
---------------+-------------------------------------------+-----
Axes           | 4 5 6 7 9 10 11 12 14 15 | 15.0
Fighting       | 4 5 6 8 9 10 | 10.7
Armour         | 3 4 5 7 8 9 10 12 | 12.4
Throwing       | 1 2 3 4 5 6 7 |  7.4
Shields        | 3 4 6 8 9 10 11 | 11.4
Dodging        | 3 4 |  4.1
Stealth        | 1 3 |  3.2
Evocations     | |  0.1

Action                   |  1- 3 |  4- 6 |  7- 9 | 10-12 | 13-15 || total
-------------------------+-------+-------+-------+-------+-------++-------
Melee: Hand axe          |    71 |    99 |   181 |   382 |   260 ||   993
       Kick              |    14 |    23 |    47 |   138 |   133 ||   355
       Peck              |     7 |    16 |    28 |    72 |    71 ||   194
Throw: Stone             |    10 |    29 |    18 |     7 |       ||    64
       Dart              |       |       |     5 |    53 |    47 ||   105
Invok: Berserk           |     2 |     2 |    11 |    11 |     9 ||    35
       Trog's Hand       |       |       |     1 |     2 |     1 ||     4
       Brothers in Arms  |       |       |       |     1 |     2 ||     3
Evoke: Wand              |       |       |       |     8 |       ||     8
  Use: Scroll            |       |     5 |     4 |     7 |     6 ||    22
       Potion            |       |       |       |     1 |     1 ||     2
 Stab: Petrified         |       |       |       |       |     4 ||     4
Armor: Animal skin       |     6 |       |       |       |       ||     6
       Chain mail        |    22 |    30 |       |       |       ||    52
       Plate armour      |       |    23 |   117 |   156 |   137 ||   433
Dodge: Dodged            |    37 |    37 |    40 |   104 |    75 ||   293
Block: Other             |       |       |    13 |       |       ||    13
       Buckler           |       |       |    75 |   253 |   178 ||   506
       Reflection        |       |       |     7 |     4 |     1 ||    12
